 Dungeon Crawl Stone Soup version 0.29-a0-902-g0f71de6fce (webtiles) character file.

Game seed: 14076187639235325240

2678 quixfox the Geomancer (level 9, -11/48 HPs)
             Began as a Gargoyle Earth Elementalist on July 25, 2022.
             Was a Follower of Vehumet.
             Mangled by a cyclops (24 damage)
             ... on level 6 of the Dungeon.
             The game lasted 00:19:18 (5844 turns).

quixfox the Geomancer (Gargoyle Earth Elementalist) Turns: 5844, Time: 00:19:19

Health: -11/48     AC: 13    Str: 15    XL:     9   Next: 64%
Magic:  6/18       EV: 11    Int: 23    God:    Vehumet [*.....]
Gold:   420        SH:  0    Dex: 10    Spells: 10/20 levels left

rFire   . . .      SeeInvis .   u - +2 whip (drain)
rCold   . . .      Faith    .   (no shield)
rNeg    + . .      Spirit   .   a - +1 robe
rPois   ∞          Reflect  .   (no helmet)
rElec   +          Harm     .   t - +0 cloak
rCorr   .          Rampage  .   n - +2 pair of gloves "Jautrohi" {*Slow Regen+ Str+4 Int+2}
Will    .....                   (no boots)
Stlth   ++........              (no amulet)
HPRegen 0.96/turn               (no ring)
MPRegen 0.16/turn               (no ring)

@: slowed, very slow
A: sickness immunity, AC +6, negative energy resistance 1, electricity
resistance, torment resistance 1, petrification resistance
a: Renounce Religion


You were on level 6 of the Dungeon.
You worshipped Vehumet.
Vehumet was aware of your devotion.
You visited 2 branches of the dungeon, and saw 9 of its levels.
You also visited: Ossuary.

You collected 495 gold pieces.
You spent 75 gold pieces at shops.

Inventory:

Hand Weapons
 u - a +2 whip of draining (weapon)
Armour
 a - a +1 robe (worn)
 n - the +2 pair of gloves "Jautrohi" (worn) {*Slow Regen+ Str+4 Int+2}
   (You found it on level 3 of the Dungeon)

   Str:       It affects your strength (+4).
   Int:       It affects your intelligence (+2).
   Regen:     It increases your rate of health regeneration.
   *Slow:     It may slow you when you take damage.
 t - a +0 cloak (worn)
Jewellery
 j - an amulet of the acrobat
Wands
 c - a wand of light (12)
 s - a wand of digging (8)
 A - a wand of polymorph (9)
Scrolls
 d - 4 scrolls of enchant armour
 e - a scroll of fear {unknown}
 f - 3 scrolls of enchant weapon {unknown}
 k - a scroll of butterflies {unknown}
 l - a scroll of summoning
 m - 2 scrolls of amnesia {unknown}
 o - 5 scrolls of teleportation
 q - a scroll of immolation {unknown}
 r - a scroll of poison
 w - a scroll of acquirement {unknown}
 y - a scroll of vulnerability {unknown}
Potions
 b - 3 potions of magic
 g - 3 potions of flight
 h - 4 potions of curing
 i - 3 potions of heal wounds
 p - 3 potions of haste {unknown}
 v - 3 potions of lignification {unknown}
 x - a potion of cancellation {unknown}
 z - a potion of resistance {unknown}


   Skills:
 + Level 2.2 Fighting
 - Level 1.5 Dodging
 - Level 2.1 Stealth
 + Level 6.4 Spellcasting
 + Level 6.5 Conjurations
 - Level 0.7 Transmutations
 + Level 5.6 Fire Magic
 + Level 8.8 Earth Magic


You had 10 spell levels left.
You knew the following spells:

 Your Spells              Type           Power      Damage    Failure   Level
a - Sandblast             Erth           94%        2d19      1%          1
b - Stone Arrow           Conj/Erth      84%        3d12      1%          3
c - Passwall              Tmut/Erth      24%        N/A       1%          2
d - Sticky Flame          Conj/Fire      35%        2d5       7%          4

Your spell library contained the following spells:

 Spells                   Type           Power      Damage    Failure   Level
 Foxfire                  Conj/Fire      100%       2x1d9     1%          1
 Conjure Flame            Conj/Fire      35%        6-21      1%          3
 Ignite Poison            Fire/Tmut/Pois 17%        N/A       11%         3
 Petrify                  Tmut/Erth      29%        N/A       12%         4
 Leda's Liquefaction      Hex/Erth       13%        N/A       13%         4
 Call Canine Familiar     Summ           7%         N/A       24%         3
 Gell's Gravitas          Tloc           7%         N/A       24%         3
 Lesser Beckoning         Tloc           7%         N/A       24%         3
 Portal Projectile        Hex/Tloc       14%        N/A       24%         3
 Teleport Other           Tloc           7%         N/A       24%         3
 Corpse Rot               Necr/Pois/Air  7%         N/A       63%         4
 Dispel Undead            Necr           7%         3d8       63%         4
 Death Channel            Necr           3%         N/A       100%        6


Dungeon Overview and Level Annotations

Branches:
Dungeon (8/15)             Temple (1/1) D:7            Lair (0/5) D:8
Ossuary (visited)

Altars:
Ashenzari
Cheibriados
Dithmenos
Fedhas
Gozag
Hepliaklqana
Kikubaaqudgha
Nemelex Xobeh
Okawaru
Ru
Trog
Uskayaw
Vehumet
Wu Jian
Xom
Yredelemnul
Zin
The Shining One

Shops:
D:4 ?

Annotations:
D:6 4 runed translucent doors


Innate Abilities, Weirdness & Mutations

You are immune to sickness and miasma.
Your stone body is resilient. (AC +6)
You are immune to poison.
You resist negative energy. (rN+)
You are resistant to electric shocks. (rElec)
You are resistant to unholy torment.
You are immune to petrification.


Message History

The ufetubus hits you but does no damage.
The ufetubus hits you.
You feel yourself slow down.
A cyclops comes into view.
The ufetubus closely misses you. The ufetubus barely misses you.
The blast of sand hits the ufetubus.
The ufetubus is almost dead.
The ufetubus hits you but does no damage. x5
The ufetubus hits you.
You feel better. The cyclops hits you.
Casting: Sandblast (safe; 1% risk of failure)
Confirm with . or Enter, or press ? or * to list all spells.
Aiming: Sticky Flame (dangerous; 7% risk of failure)
Press: ? - help, Shift-Dir - straight line, f - cyclops, p - ufetubus
Aim: a cyclops, quivering large rocks (100% to hit)
The sticky flame hits the cyclops.
The cyclops is lightly wounded.
The cyclops is covered in liquid flames!
The cyclops burns!
The cyclops hits you.
The blast of sand hits the cyclops!
The cyclops is moderately wounded.
The cyclops burns! x3; The cyclops stops burning.
The cyclops hits you!!
Ouch! That really hurt!
The cyclops hits you but does no damage.
You feel much better. The cyclops barely misses you.
The blast of sand hits the cyclops but does no damage.
The cyclops is heavily wounded.
The cyclops hits you! The cyclops hits you!!
* * * LOW HITPOINT WARNING * * *
Casting: Sandblast (safe; 1% risk of failure)
Confirm with . or Enter, or press ? or * to list all spells.
Aiming: Sticky Flame (dangerous; 7% risk of failure)
Press: ? - help, Shift-Dir - straight line, f/p - cyclops
Aim: a cyclops, quivering large rocks (heavily wounded, 100% to hit)
The sticky flame hits the cyclops but does no damage.
The cyclops is heavily wounded.
The cyclops is covered in liquid flames!
The cyclops burns!
The cyclops barely misses you. The cyclops attacks as you move away!
The cyclops hits you!!
Ouch! That really hurt!
You die...

#.# ####### ######.#
......# #....#.####
......# #.##.#....####
......###.##.####....#
.....(+.#.##.####.##.#
......#.#[#........#.#
.)..........######...#
........##.##...@##..#
........##.#.####C#..#
...........##.# .#..#
....##++##.'.## .#..#
...##8.Y8##### .#..#
...#8....8# ##..#
##.#[..../# #...#
#.#$....:# #.[.#
#.#8.!..8# ##..#


You could see a cyclops (burning).

Vanquished Creatures
  A two-headed ogre (D:6)
  A wraith (D:6)
  A water moccasin (D:6)
  2 sky beasts
  A black bear (D:4)
  2 ice beasts (D:6)
  An ogre (D:5)
  2 centaurs
  A kobold brigand (D:6)
  2 scorpions
  A necrophage (D:6)
  5 hounds
  2 jellies (D:3)
  3 orc priests
  A gnoll bouda (D:4)
  6 iguanas
  8 mummies (Ossuary)
  12 gnolls
  8 adders
  2 worms
  A dart slug (D:4)
  24 orcs
  6 bats
  16 endoplasms
  2 giant cockroaches
  2 goblins (D:4)
  7 hobgoblins
  3 jackals (D:3)
  23 kobolds
  3 quokkas
  3 ball pythons
  2 frilled lizards (D:1)
  3 hobgoblin zombies (Ossuary)
  2 kobold zombies (Ossuary)
  3 orc zombies (Ossuary)
  5 rats
167 creatures vanquished.

Vanquished Creatures (others)
  7 fungi (D:3)
  3 plants (D:8)
  6 toadstools (D:3)
16 creatures vanquished.

Grand Total: 183 creatures vanquished

Notes
Turn   | Place    | Note
-------+----------+-------------------------------------------
     0 | D:1      | quixfox the Gargoyle Earth Elementalist began the quest for
                  | the Orb.
     0 | D:1      | Reached XP level 1. HP: 10/10 MP: 3/3
    72 | D:1      | Reached skill level 4 in Earth Magic
    72 | D:1      | Reached XP level 2. HP: 5/15 MP: 0/5
   623 | D:1      | Reached XP level 3. HP: 19/19 MP: 3/6
   712 | D:1      | Found a faded altar of an unknown god.
  1314 | D:2      | Found a shimmering altar of Xom.
  1531 | D:2      | Learned a level 3 spell: Stone Arrow
  1534 | D:2      | Learned a level 2 spell: Passwall
  1575 | D:2      | Reached XP level 4. HP: 24/24 MP: 6/8
  1893 | D:3      | Found a hazy altar of Hepliaklqana.
  2087 | D:3      | Identified the +2 pair of gloves "Jautrohi" {*Slow Regen+
                  | Str+4 Int+2}
  2121 | D:3      | Reached skill level 1 in Conjurations
  2121 | D:3      | Reached skill level 5 in Earth Magic
  2203 | D:3      | Reached XP level 5. HP: 28/28 MP: 6/10
  2367 | D:3      | Learned a level 4 spell: Sticky Flame
  2456 | D:3      | Found a shadowy altar of Dithmenos.
  2891 | D:3      | Reached skill level 1 in Fire Magic
  2891 | D:3      | Reached XP level 6. HP: 20/32 MP: 6/11
  3105 | D:4      | Found Ineugaol's Magic Scroll Emporium.
  3112 | D:4      | Reached skill level 6 in Earth Magic
  3134 | D:4      | Bought a scroll of magic mapping for 75 gold pieces
  3184 | D:4      | Noticed a black bear
  3186 | D:4      | Killed a black bear
  3187 | D:4      | Reached XP level 7. HP: 36/36 MP: 10/13
  3655 | D:5      | Entered Level 5 of the Dungeon
  4066 | D:5      | Reached XP level 8. HP: 39/41 MP: 9/15
  4498 | D:5      | You fall into a shaft and drop 3 floors!
  4524 | D:7      | Found a staircase to the Ecumenical Temple.
  4527 | Temple   | Entered the Ecumenical Temple
  4532 | Temple   | Became a worshipper of Vehumet
  4621 | D:7      | Reached skill level 5 in Spellcasting
  4621 | D:7      | Reached skill level 7 in Earth Magic
  4858 | D:6      | Found a sand-covered staircase.
  4866 | Ossuary  | Entered an ossuary
  4910 | Ossuary  | Reached * piety under Vehumet
  4910 | Ossuary  | Offered knowledge of Foxfire by Vehumet.
  4935 | Ossuary  | Reached skill level 5 in Conjurations
  5257 | D:6      | Noticed a wraith
  5264 | D:6      | Killed a wraith
  5486 | D:6      | Found a large runed translucent door.
  5486 | D:6      | Found a large runed translucent door.
  5490 | D:6      | Noticed a wraith
  5493 | D:6      | Noticed a yak
  5547 | D:6      | Found a large runed translucent door.
  5597 | D:6      | Reached skill level 8 in Earth Magic
  5597 | D:6      | Reached XP level 9. HP: 45/45 MP: 15/17
  5634 | D:6      | Reached skill level 5 in Fire Magic
  5764 | D:6      | Noticed a two-headed ogre
  5769 | D:6      | Killed a two-headed ogre
  5789 | D:6      | Found a large runed translucent door.
  5836 | D:6      | Noticed a cyclops
  5844 | D:6      | Mangled by a cyclops

Illustrated notes

Levels and vault maps discovered:
D:1:      nicolae_arrival_somewhat_less_tricky_arrival, layout_rooms,
          ebering_ecumenical_altar_sacrificial
D:2:      layout_loops_corners, basic_altar
D:3:      cheibrodos_fertilizer, layout_rooms, mainiacjoe_overflow_alcove_1,
          lemuel_tele_altar, minmay_misc_feat_room, hangedman_decor_riveting
D:4:      black_bear_nest_2, layout_basic, serial_shops, shop
D:5:      layout_basic, tgw_xom
D:6:      layout_basic, nicolae_ossuary_entry_monument,
          minmay_hollow_rounded_squares
D:7:      layout_loops_corners, mainiacjoe_overflow_surrounded_room,
          minmay_temple_entry_wispy, enter_bailey_6, hex_tiny,
          uniq_crazy_yiuf_cottage, uniq_pikel
D:8:      gammafunk_steamed_eel, layout_basic, lair_entry_dummy,
          kennysheep_boxes
Temple:   minmay_freezing_vapour_temple

Skill      XL: |  1  2  3  4  5  6  7  8  9 |
---------------+----------------------------+-----
Earth Magic    | 4 5 6 8 |  8.8
Spellcasting   | 3 4 5 6 |  6.4
Conjurations   | 1 2 3 4 5 6 |  6.5
Fire Magic     | 1 2 3 4 5 |  5.6
Fighting       | 2 |  2.2
Dodging        | |  1.5
Stealth        | |  2.1
Transmutations | |  0.7

Action                   |  1- 3 |  4- 6 |  7- 9 || total
-------------------------+-------+-------+-------++-------
Melee: Unarmed           |     7 |       |       ||     7
 Cast: Sandblast         |    41 |    83 |   168 ||   292
       Sticky Flame      |       |       |     2 ||     2
  Use: Scroll            |       |     6 |     4 ||    10
       Potion            |       |       |     2 ||     2
Armor: Robe              |     6 |    17 |    70 ||    93
Dodge: Dodged            |     7 |    51 |    85 ||   143

Table legend: (Time is in decaauts)
 A = Elapsed time spent in this place.
 B = Non-inter-level travel time spent in this place.
 C = Inter-level travel time spent in this place.
 D = Time resting spent in this place.
 E = Time spent auto-exploring this place.
 F = Levels seen in this place.
 G = Mean time per level.
                   A        B        C        D        E       F      G
               +--------+--------+--------+--------+--------+-----+--------+
         Total |   6171 |   6045 |    126 |    569 |   3977 |  10 |  617.1 |
       Dungeon |   5763 |   5637 |    126 |    488 |   3826 |   8 |  720.4 |
        Temple |     10 |     10 |      0 |      0 |      0 |   1 |   10.0 |
       Ossuary |    397 |    397 |      0 |     81 |    151 |   1 |  397.0 |
               +--------+--------+--------+--------+--------+-----+--------+

Top non-repeatable levels by time:
     D:3: 1146 daAuts
     D:5: 1049 daAuts
     D:1: 970 daAuts
     D:2: 952 daAuts
     D:4: 733 daAuts
     D:6: 728 daAuts
 Ossuary: 397 daAuts
     D:7: 156 daAuts
     D:8: 25 daAuts
  Temple: 10 daAuts
